[ AOE2 MATCH · #507321572 ]
UnrankedTupi vs Gurjaras
Player's team · WIN
Rival team · LOSS
[ REPLAY ANALYSIS · EXTRACTED FROM THE RECORDED GAME ]
Feudal
11:21
Castle
16:15
Imperial
—
| APM avg | 28.2 |
| APM peak | 48 |
| eAPM avg | 18.2 |
| Villagers / military | 65 / 9 |
Focus
⚔️ 28.1% · 🌾 71.9%
Unknown (2579) ×27 · Mangonel ×5 · Monk ×3 · Battering Ram ×1
Feudal
8:39
Castle
22:08
Imperial
—
| APM avg | 76.7 |
| APM peak | 121 |
| eAPM avg | 27.0 |
| Villagers / military | 92 / 39 |
Focus
⚔️ 31.3% · 🌾 68.7%
Shrivamsha Rider ×20 · Archer ×16 · Camel Scout ×2 · Scout Cavalry ×1
Match map
Initial resources + every placement click. Lines = walls · curves = elevation contours. ◆ gold · ⬟ stone · ● berries · ✦ relic · ◌ wall gap
Your base· Open — unwalled flank
MAYBANK MUSIC's base· ✓ Closed at 22:08 · 37t walls · no gate
Smoothed initial terrain · ◌ = detected wall gap · hover for details
Inputs per minute
— lenko - - MAYBANK MUSIC
Build order — lenko
127 actions detected in the replay
| 0:01 | Queue | Villager (Male) |
| 0:02 | Build | House |
| 0:03 | Build | House |
| 0:05 | Queue | Villager (Male) ×3 |
| 1:15 | Queue | Villager (Male) |
| 1:41 | Queue | Villager (Male) |
| 1:56 | Build | Settlement |
| 2:01 | Queue | Villager (Male) |
| 2:25 | Queue | Villager (Male) |
| 2:55 | Queue | Villager (Male) |
| 2:55 | Queue | Villager (Male) |
| 3:25 | Queue | Villager (Male) |
| 3:55 | Queue | Villager (Male) ×2 |
| 4:26 | Build | House |
| 4:33 | Queue | Villager (Male) |
| 4:51 | Queue | Villager (Male) |
| 4:51 | Queue | Villager (Male) |
| 5:07 | Build | House |
| 5:10 | Build | House |
| 5:56 | Build | Settlement |
| 5:58 | Queue | Villager (Male) ×2 |
| 6:21 | Queue | Villager (Male) ×4 |
| 6:43 | Build | Palisade Wall |
| 6:44 | Build | Palisade Wall |
| 6:45 | Build | Palisade Wall |
| 6:47 | Build | Palisade Wall |
| 7:05 | Queue | Villager (Male) |
| 7:06 | Queue | Villager (Male) |
| 7:34 | Build | Palisade Wall |
| 7:36 | Build | Palisade Wall |
| 7:47 | Build | Settlement |
| 8:11 | Research | Loom |
| 8:26 | Build | Farm |
| 8:32 | Build | Palisade Wall |
| 8:34 | Build | Palisade Wall |
| 8:34 | Build | Palisade Wall |
| 8:35 | Build | Palisade Wall |
| 8:35 | Build | Palisade Wall |
| 9:08 | Research | Feudal Age |
| 9:24 | Build | Farm |
| 9:38 | Queue | Villager (Male) |
| 9:38 | Queue | Villager (Male) |
| 9:38 | Queue | Villager (Male) |
| 11:21 | Age | Feudal Age |
| 11:24 | Build | Market |
| 11:37 | Build | Blacksmith |
| 12:32 | Build | House |
| 13:18 | Build | Farm |
| 13:34 | Research | Castle Age |
| 14:59 | Research | Fletching |
| 14:59 | Research | Padded Archer Armor |
| 15:15 | Research | Double-Bit Axe |
| 15:37 | Build | Farm |
| 15:39 | Build | Farm |
| 16:01 | Queue | Villager (Male) |
| 16:03 | Build | Farm |
| 16:15 | Age | Castle Age |
| 16:29 | Build | Castle |
| 16:48 | Build | Palisade Wall |
| 16:53 | Queue | Villager (Male) ×3 |
| 17:06 | Build | Farm |
| 18:05 | Build | Farm |
| 18:07 | Queue | Villager (Male) |
| 18:10 | Queue | Unit 2579 ×2 |
| 18:41 | Build | Siege Workshop |
| 18:47 | Queue | Villager (Male) ×2 |
| 19:25 | Queue | Battering Ram |
| 19:27 | Queue | Mangonel |
| 19:31 | Queue | Villager (Male) |
| 19:50 | Build | Monastery |
| 19:55 | Queue | Villager (Male) |
| 20:24 | Queue | Villager (Male) |
| 20:26 | Queue | Monk |
| 20:34 | Queue | Mangonel |
| 20:44 | Build | Farm |
| 21:03 | Queue | Villager (Male) |
| 21:11 | Queue | Monk |
| 21:35 | Queue | Villager (Male) |
| 21:44 | Queue | Unit 2579 ×5 |
| 22:13 | Queue | Villager (Male) |
| 22:25 | Queue | Mangonel |
| 22:31 | Queue | Villager (Male) |
| 23:03 | Build | House |
| 23:04 | Build | House |
| 23:09 | Queue | Mangonel |
| 23:38 | Queue | Villager (Male) ×2 |
| 23:50 | Queue | Monk |
| 24:09 | Queue | Villager (Male) |
| 24:19 | Queue | Unit 2579 ×5 |
| 24:20 | Queue | Unit 2579 |
| 24:20 | Queue | Unit 2579 |
| 24:23 | Queue | Villager (Male) |
| 24:41 | Queue | Unit 2579 ×3 |
| 24:43 | Queue | Villager (Male) |
| 25:28 | Research | Bodkin Arrow |
| 26:02 | Queue | Villager (Male) |
| 26:16 | Queue | Villager (Male) |
| 26:34 | Queue | Villager (Male) |
| 26:37 | Build | Town Center |
| 26:55 | Queue | Mangonel |
| 27:14 | Queue | Villager (Male) ×2 |
| 27:17 | Build | Farm |
| 27:43 | Queue | Villager (Male) |
| 28:04 | Build | University |
| 28:09 | Queue | Villager (Male) |
| 28:40 | Queue | Villager (Male) |
| 28:48 | Build | Farm |
| 28:49 | Build | Farm |
| 29:04 | Queue | Villager (Male) ×2 |
| 29:06 | Build | Outpost |
| 29:17 | Queue | Unit 2579 ×5 |
| 29:23 | Queue | Villager (Male) |
| 29:25 | Build | Farm |
| 29:30 | Build | Town Center |
| 29:35 | Build | Outpost |
| 29:48 | Build | House |
| 29:50 | Build | Farm |
| 29:55 | Queue | Villager (Male) ×2 |
| 30:07 | Queue | Villager (Male) |
| 30:15 | Queue | Villager (Male) |
| 30:24 | Research | Ballistics |
| 30:31 | Queue | Villager (Male) |
| 30:34 | Build | Outpost |
| 30:45 | Queue | Villager (Male) |
| 31:32 | Queue | Unit 2579 ×5 |
| 31:34 | Queue | Villager (Male) ×2 |
| 31:40 | Build | Town Center |
Build order — MAYBANK MUSIC
First 150 of 260 actions detected
| 0:00 | Queue | Villager (Male) |
| 0:01 | Queue | Villager (Male) |
| 0:02 | Build | House |
| 0:03 | Build | House |
| 0:11 | Queue | Villager (Male) |
| 0:12 | Queue | Villager (Male) |
| 0:57 | Build | Mill |
| 1:37 | Queue | Villager (Male) |
| 1:37 | Queue | Villager (Male) |
| 2:05 | Queue | Villager (Male) |
| 2:05 | Queue | Villager (Male) |
| 2:31 | Queue | Villager (Male) |
| 2:31 | Queue | Villager (Male) |
| 2:32 | Queue | Villager (Male) |
| 2:37 | Queue | Villager (Male) |
| 2:37 | Queue | Villager (Male) |
| 3:11 | Queue | Villager (Male) |
| 3:25 | Build | House |
| 3:49 | Queue | Villager (Male) |
| 3:52 | Queue | Villager (Male) |
| 3:53 | Queue | Villager (Male) |
| 3:53 | Queue | Villager (Male) |
| 4:11 | Queue | Villager (Male) |
| 4:12 | Queue | Villager (Male) |
| 4:46 | Queue | Villager (Male) |
| 4:46 | Queue | Villager (Male) |
| 5:06 | Build | Lumber Camp |
| 5:21 | Queue | Villager (Male) |
| 5:21 | Research | Loom |
| 6:29 | Research | Feudal Age |
| 6:30 | Research | Feudal Age |
| 7:09 | Build | Barracks |
| 7:42 | Build | House |
| 7:53 | Build | Palisade Wall |
| 8:00 | Build | Palisade Wall |
| 8:37 | Build | House |
| 8:39 | Age | Feudal Age |
| 8:40 | Queue | Villager (Male) |
| 8:42 | Research | Double-Bit Axe |
| 8:46 | Build | Archery Range |
| 8:59 | Queue | Villager (Male) |
| 9:00 | Queue | Villager (Male) |
| 9:00 | Queue | Villager (Male) |
| 9:00 | Queue | Villager (Male) |
| 9:04 | Build | Mining Camp |
| 9:41 | Build | House |
| 9:42 | Queue | Archer |
| 9:42 | Queue | Archer |
| 9:47 | Queue | Villager (Male) |
| 9:47 | Queue | Villager (Male) |
| 10:00 | Build | Blacksmith |
| 10:17 | Queue | Villager (Male) |
| 10:30 | Queue | Villager (Male) |
| 10:33 | Queue | Archer |
| 10:44 | Build | Watch Tower |
| 10:48 | Queue | Villager (Male) |
| 10:48 | Queue | Villager (Male) |
| 11:10 | Queue | Archer |
| 11:17 | Queue | Villager (Male) |
| 11:24 | Queue | Villager (Male) |
| 11:25 | Queue | Villager (Male) |
| 11:26 | Queue | Villager (Male) |
| 11:34 | Research | Fletching |
| 11:34 | Research | Fletching |
| 11:35 | Research | Fletching |
| 11:37 | Queue | Villager (Male) |
| 11:40 | Build | Mining Camp |
| 12:02 | Queue | Villager (Male) |
| 12:03 | Queue | Villager (Male) |
| 12:12 | Queue | Archer |
| 12:15 | Build | Palisade Wall |
| 12:16 | Build | Palisade Wall |
| 12:16 | Build | Palisade Wall |
| 12:16 | Build | Palisade Wall |
| 12:17 | Build | Palisade Wall |
| 12:20 | Queue | Villager (Male) |
| 12:20 | Queue | Villager (Male) |
| 12:45 | Queue | Archer |
| 12:46 | Queue | Villager (Male) |
| 12:56 | Build | House |
| 13:10 | Queue | Archer |
| 13:12 | Queue | Villager (Male) |
| 13:13 | Queue | Villager (Male) |
| 13:20 | Build | Farm |
| 13:28 | Build | Farm |
| 13:30 | Build | House |
| 13:32 | Build | House |
| 13:32 | Build | House |
| 13:44 | Build | Watch Tower |
| 13:45 | Queue | Archer |
| 13:45 | Queue | Archer |
| 13:51 | Build | Watch Tower |
| 13:54 | Queue | Archer |
| 13:54 | Queue | Archer |
| 14:01 | Queue | Archer |
| 14:02 | Queue | Villager (Male) |
| 14:02 | Queue | Villager (Male) |
| 14:02 | Queue | Villager (Male) |
| 14:06 | Build | Farm |
| 14:16 | Queue | Villager (Male) |
| 14:17 | Queue | Villager (Male) |
| 14:31 | Queue | Archer |
| 14:41 | Queue | Villager (Male) |
| 15:04 | Build | House |
| 15:06 | Build | House |
| 15:09 | Build | Stone Wall |
| 16:00 | Queue | Villager (Male) |
| 16:12 | Build | Farm |
| 16:15 | Queue | Villager (Male) |
| 16:23 | Queue | Villager (Male) |
| 16:28 | Queue | Villager (Male) |
| 16:29 | Queue | Villager (Male) |
| 16:53 | Build | House |
| 16:55 | Queue | Villager (Male) |
| 17:16 | Build | Watch Tower |
| 17:17 | Build | Palisade Wall |
| 17:17 | Build | Palisade Wall |
| 17:17 | Build | Palisade Wall |
| 17:18 | Build | Palisade Wall |
| 17:18 | Build | Palisade Wall |
| 17:18 | Build | Palisade Wall |
| 17:35 | Build | Farm |
| 17:41 | Build | House |
| 17:44 | Research | Stone Mining |
| 18:16 | Build | Farm |
| 18:17 | Build | Market |
| 18:40 | Build | Farm |
| 18:50 | Queue | Villager (Male) |
| 18:58 | Build | House |
| 19:01 | Build | Stone Wall |
| 19:02 | Build | Stone Wall |
| 19:08 | Queue | Villager (Male) |
| 19:12 | Build | Stone Wall |
| 19:17 | Build | Farm |
| 19:18 | Build | Farm |
| 19:28 | Research | Castle Age |
| 19:28 | Research | Castle Age |
| 19:39 | Build | House |
| 20:02 | Build | Outpost |
| 20:04 | Build | Outpost |
| 20:10 | Research | Horse Collar |
| 20:14 | Build | Lumber Camp |
| 20:21 | Queue | Archer |
| 20:50 | Build | Outpost |
| 21:06 | Build | House |
| 21:25 | Build | Watch Tower |
| 21:34 | Queue | Archer |
| 22:08 | Age | Castle Age |
| 22:09 | Research | Crossbowman (upgrade) |
| 22:11 | Queue | Villager (Male) |
Match timeline
| 6:43 | lenko · wall_segment Palisade Wall x1 |
| 6:44 | lenko · wall_segment Palisade Wall x1 |
| 6:45 | lenko · wall_segment Palisade Wall x1 |
| 6:47 | lenko · wall_segment Palisade Wall x3 |
| 7:09 | MAYBANK MUSIC · first_building Barracks |
| 7:34 | lenko · wall_segment Palisade Wall x1 |
| 7:36 | lenko · wall_segment Palisade Wall x3 |
| 7:53 | MAYBANK MUSIC · wall_segment Palisade Wall x1 |
| 8:00 | MAYBANK MUSIC · wall_segment Palisade Wall x1 |
| 8:32 | lenko · wall_segment Palisade Wall x1 |
| 8:34 | lenko · wall_segment Palisade Wall x1 |
| 8:34 | lenko · wall_segment Palisade Wall x1 |
| 8:35 | lenko · wall_segment Palisade Wall x1 |
| 8:35 | lenko · wall_segment Palisade Wall x1 |
| 8:39 | MAYBANK MUSIC · age_up feudal |
| 8:46 | MAYBANK MUSIC · first_building Archery Range |
| 11:21 | lenko · age_up feudal |
| 12:15 | MAYBANK MUSIC · wall_segment Palisade Wall x1 |
| 12:16 | MAYBANK MUSIC · wall_segment Palisade Wall x1 |
| 12:16 | MAYBANK MUSIC · wall_segment Palisade Wall x1 |
| 12:16 | MAYBANK MUSIC · wall_segment Palisade Wall x2 |
| 12:17 | MAYBANK MUSIC · wall_segment Palisade Wall x1 |
| 12:42 | lenko · first_market_buy 100 food |
| 12:48 | lenko · first_market_sell 100 wood |
| 15:09 | MAYBANK MUSIC · wall_segment Stone Wall x5 |
| 16:15 | lenko · age_up castle |
| 16:29 | lenko · first_building Castle |
| 16:48 | lenko · wall_segment Palisade Wall x1 |
| 17:17 | MAYBANK MUSIC · wall_segment Palisade Wall x1 |
| 17:17 | MAYBANK MUSIC · wall_segment Palisade Wall x1 |
| 17:17 | MAYBANK MUSIC · wall_segment Palisade Wall x2 |
| 17:18 | MAYBANK MUSIC · wall_segment Palisade Wall x1 |
| 17:18 | MAYBANK MUSIC · wall_segment Palisade Wall x1 |
| 17:18 | MAYBANK MUSIC · wall_segment Palisade Wall x1 |
| 18:41 | lenko · first_building Siege Workshop |
| 19:01 | MAYBANK MUSIC · wall_segment Stone Wall x7 |
| 19:02 | MAYBANK MUSIC · wall_segment Stone Wall x5 |
| 19:12 | MAYBANK MUSIC · wall_segment Stone Wall x9 |
| 19:22 | MAYBANK MUSIC · first_market_buy 100 food |
| 19:50 | lenko · first_building Monastery |
| 22:08 | MAYBANK MUSIC · age_up castle |
| 24:42 | MAYBANK MUSIC · first_building Stable |
| 24:57 | MAYBANK MUSIC · first_market_sell 100 stone |
| 25:11 | MAYBANK MUSIC · wall_segment Palisade Wall x2 |
| 27:04 | MAYBANK MUSIC · first_building Castle |
| 31:43 | MAYBANK MUSIC · resign |
[ AI ANALYSIS · 1 CREDIT ]
What really happened in this match?
Wolo.gg analyzes every decision: build order, eco, micro, common mistakes by bracket. Personalized analysis on WhatsApp or Discord in 30 seconds.
Civ guide
Tupi
Perfil
lenko